 Dungeon Crawl Stone Soup version 0.22-a0-283-g1871b15 (webtiles) character file.

339 newphone the Skirmisher (level 6, -9/46 HPs)
             Began as a Halfling Wanderer on Mar 18, 2018.
             Shot with an arrow by a centaur (12 damage)
             ... on level 5 of the Dungeon.
             The game lasted 00:04:20 (2416 turns).

newphone the Skirmisher (Halfling Wanderer)         Turns: 2416, Time: 00:04:21

Health: -9/46      AC:  6    Str: 16    XL:     6   Next: 86%
Magic:  6/6        EV: 12    Int:  9    God:
Gold:   84         SH:  2    Dex: 14    Spells: 5/5 levels left

rFire    . . .     SeeInvis .   b - +0 shortbow
rCold    . . .     Gourm    .   (shield currently unavailable)
rNeg     . . .     Faith    .   d - +0 ring mail
rPois    .         Spirit   .   a - +0 helmet
rElec    .         Reflect  +   (no cloak)
rCorr    .         Harm     .   (no gloves)
MR       .....                  (no boots)
Stlth    +.........             k - +2 amulet of reflection
HPRegen  0.15/turn              (no ring)
MPRegen  0.10/turn              (no ring)

@: lethally poisoned (-9 -> -13)
A: small, mutation resistance 1
a: no special abilities


You were on level 5 of the Dungeon.
You were not hungry.

You visited 1 branch of the dungeon, and saw 5 of its levels.

You collected 84 gold pieces.

Inventory:

Hand Weapons
 b - a +0 shortbow (weapon)
 j - a +6 dagger
Missiles
 c - 25 arrows (quivered)
Armour
 a - a +0 helmet (worn)
 d - a +0 ring mail (worn)
Jewellery
 k - a +2 amulet of reflection (around neck)
Scrolls
 e - a scroll of fear
 g - a scroll of fog {unknown}
 h - a scroll of identify
 i - a scroll of immolation {unknown}
 m - a scroll of magic mapping
Comestibles
 f - 2 rations


   Skills:
 + Level 6.1 Fighting
   Level 1.0 Maces & Flails
 - Level 2.1 Armour
 - Level 2.1 Stealth
   Level 2.0 Fire Magic
   Level 1.0 Ice Magic


You had 5 spell levels left.
You didn't know any spells.

Dungeon Overview and Level Annotations

Branches:
Dungeon (5/15)
 Temple: D:4-7

Altars:

Annotations:
D:2 Sigmund


Innate Abilities, Weirdness & Mutations

You are small and have problems with some larger weapons.
You are somewhat resistant to further mutation.


Message History

* * * LOW HITPOINT WARNING * * *
You feel sick.
You see here 2 arrows.
* * * LOW HITPOINT WARNING * * *
You feel sick.
Found 22 bolts.
You see here an arrow.
c - 25 arrows (gained 1)
* * * LOW HITPOINT WARNING * * *
You feel sick.
A centaur comes into view.
* * * LOW HITPOINT WARNING * * *
You feel sick.
* * * LOW HITPOINT WARNING * * *
You feel sick.
The centaur shouts!
* * * LOW HITPOINT WARNING * * *
You feel sick.
The centaur wields a shortbow.
The centaur shoots an arrow.
The arrow hits you!
You die...

... ... ....
##### ....#
##(..####....#
#.(...........
#(...>........
#....@........
#.(...........
#.<...........
####+##.?...##
..c..# ..(..#
.....# .....+


You could see a centaur.

Vanquished Creatures
  A phantom (D:4)
  Blork the orc (D:4)
  A scorpion (D:4)
  A centaur zombie (D:4)
  A hound (D:4)
  2 worker ants
  An ooze (D:1)
  A dart slug (D:1)
  A leopard gecko (D:4)
  2 orcs (D:4)
  A bat (D:1)
  3 giant cockroaches
  A goblin (D:1)
  3 hobgoblins
  A ball python (D:4)
  A kobold (D:1)
  4 rats (D:1)
26 creatures vanquished.

Notes
Turn   | Place    | Note
-------+----------+-------------------------------------------
     0 | D:1      | newphone the Halfling Wanderer began the quest for the Orb.
     0 | D:1      | newphone set off with: a +0 shortbow, 29 arrows, a +0 ring mail, a +0 dagger, a ration
     0 | D:1      | Reached XP level 1. HP: 14/14 MP: 1/1
    39 | D:1      | Reached skill level 2 in Fighting
   342 | D:1      | Reached XP level 2. HP: 6/20 MP: 2/2
   967 | D:2      | Noticed Sigmund
   999 | D:3      | Reached skill level 3 in Fighting
   999 | D:3      | Reached XP level 3. HP: 26/26 MP: 3/3
  1019 | D:3      | Noticed an ogre
  1105 | D:4      | Reached XP level 4. HP: 20/33 MP: 4/4
  1267 | D:4      | Noticed a phantom
  1298 | D:4      | Killed a phantom
  1298 | D:4      | Reached skill level 4 in Fighting
  1298 | D:4      | Reached XP level 5. HP: 36/38 MP: 5/5
  1342 | D:4      | Reached skill level 5 in Fighting
  1441 | D:4      | Reached XP level 6. HP: 25/45 MP: 6/6
  2033 | D:4      | Noticed Blork the orc
  2044 | D:4      | Killed Blork the orc
  2044 | D:4      | Reached skill level 6 in Fighting
  2370 | D:5      | Entered Level 5 of the Dungeon
  2416 | D:5      | Shot with an arrow by a centaur

Vault maps used:
D:1:      dpeg_arrival_shelter
D:2:      first_ration, uniq_natasha, uniq_sigmund, uniq_terence
D:4:      cheibrodos_sewer_entry_bend, serial_shops, shop, uniq_blork_the_orc
D:5:      led_sif_book, minmay_misc_feat_tower, uniq_menkaure

Skill      XL: |  1  2  3  4  5  6 |
---------------+-------------------+-----
Fighting       | 2 3 4 5 6 |  6.1
Maces & Flails | |  1.0
Armour         | |  2.1
Stealth        | |  2.1
Fire Magic     | |  2.0
Ice Magic      | |  1.0

Action                   |  1- 3 |  4- 6 || total
-------------------------+-------+-------++-------
Melee: Dagger            |    41 |    15 ||    56
 Fire: Shortbow          |    26 |    73 ||    99
  Use: Potion            |     1 |     2 ||     3
       Scroll            |     4 |     3 ||     7
  Eat: Chunk             |       |     2 ||     2
       Ration            |       |     1 ||     1
Armor: Ring mail         |    21 |    10 ||    31
Dodge: Dodged            |    45 |    39 ||    84
Block: Other             |     3 |     5 ||     8

Table legend:
 A = Spawn XP
 B = Non-spawn XP
 C = Spawn XP percentage of total XP
 D = Spawn monster count
 E = Non-spawn monster count
 F = Spawn count percentage of total count
 G = Total turns spent on level
                    A         B        C        D         E        F      G
               +---------+---------+-------+---------+---------+-------+---------
         Total |       0 |     485 |   0.0 |       0 |      26 |   0.0 |  2416
               +---------+---------+-------+---------+---------+-------+---------
           D:1 |       0 |      24 |   0.0 |       0 |      11 |   0.0 |   943
           D:2 |       0 |       4 |   0.0 |       0 |       2 |   0.0 |    42
           D:3 |       0 |       2 |   0.0 |       0 |       1 |   0.0 |    45
           D:4 |       0 |     419 |   0.0 |       0 |      11 |   0.0 |  1366
           D:5 |       0 |      36 |   0.0 |       0 |       1 |   0.0 |    20
               +---------+---------+-------+---------+---------+-------+---------
